 Dungeon Crawl Stone Soup version 0.22-a0-848-ge9e22a0 (webtiles) character file.

35 Supahsalami the Skirmisher (level 3, -11/23 HPs)
             Began as a Gargoyle Fighter on July 27, 2018.
             Mangled by Sigmund
             ... wielding a +3 scythe of protection
              (13 damage)
             ... on level 3 of the Dungeon.
             The game lasted 00:03:53 (1765 turns).

Supahsalami the Skirmisher (Gargoyle Fighter)       Turns: 1765, Time: 00:03:54

Health: -11/23     AC: 10    Str: 20    XL:     3   Next: 35%
Magic:  3/3        EV:  7    Int:  8    God:
Gold:   61         SH:  9    Dex: 12    Spells: 2/2 levels left

rFire    + . .     SeeInvis .   a - +0 flail
rCold    . . .     Gourm    .   c - +0 shield
rNeg     + . .     Faith    .   b - +0 scale mail
rPois    ∞         Spirit   .   (no helmet)
rElec    +         Reflect  .   (no cloak)
rCorr    .         Harm     .   (no gloves)
MR       .....                  (no boots)
Stlth    ..........             (no amulet)
HPRegen  0.07/turn              m - ring of protection from fire
MPRegen  0.08/turn              e - +3 ring of dexterity

@: no status effects
A: negative energy resistance 1, electricity resistance, unbreathing,
petrification resistance, rot immunity, AC +3
a: no special abilities


You were on level 3 of the Dungeon.
You were hungry.

You visited 1 branch of the dungeon, and saw 3 of its levels.

You collected 61 gold pieces.

Inventory:

Hand Weapons
 a - a +0 flail (weapon)
Missiles
 s - a throwing net (quivered)
Armour
 b - a +0 scale mail (worn)
 c - a +0 shield (worn)
Jewellery
 e - a +3 ring of dexterity (right hand)
 i - an uncursed ring of see invisible
 m - a ring of protection from fire (left hand)
Scrolls
 j - a scroll of teleportation
 l - a scroll of remove curse {unknown}
 n - a scroll of noise {unknown}
 o - a scroll of amnesia {unknown}
 p - a scroll of identify {unknown}
 q - a scroll of enchant weapon {unknown}
 r - a scroll of blinking {unknown}
 t - a scroll of fear {unknown}
 v - a scroll of random uselessness {unknown}
Potions
 d - 2 potions of might
 g - a potion of cancellation {unknown}
 h - 2 potions of lignification {unknown}
 k - 2 potions of curing {unknown}
Comestibles
 f - 5 rations
 u - a chunk of flesh


   Skills:
 + Level 3.6 Fighting
 * Level 2.7 Maces & Flails
 + Level 3.6 Armour
 + Level 3.6 Shields


You had 2 spell levels left.
You didn't know any spells.
Your spell library was empty.

Dungeon Overview and Level Annotations

Branches:
Dungeon (3/15)

Altars:
Ashenzari

Annotations:
D:3 Sigmund


Innate Abilities, Weirdness & Mutations

You are resistant to torment.
Your stone body is resilient. (AC +3)
You are immune to poison.
You resist negative energy. (rN+)
You are resistant to electric shocks. (rElec)
You can survive without breathing.
You are immune to petrification.
You are immune to rotting.


Message History

You block the puff of flame. Something hits you.
You hit something.
You hear some strange, mumbled words.
A magic dart appears from out of thin air!
The magic dart hits you!
You barely miss something. You block something's attack.
You hit something but do no damage. Something hits you!
You hit something but do no damage. Something hits you.
* * * LOW HITPOINT WARNING * * *
You closely miss something. Something hits you but does no damage.
Sorry, you're not good enough to have a special ability.
You miss something. Something hits you.
* * * LOW HITPOINT WARNING * * *
You barely miss something. You block something's attack.
You barely miss something. Something hits you but does no damage.
You closely miss something. You hit something. Something hits you!
Ouch! That really hurt!
You die...

..... ....
......
##....###
.[.....#
#.##.#.#
#{...#.##
#@.......
####.#.##.###.
######
...........#
#.....
.####.#.#..#
#.####
#.#.#.....
#....# #
#.#.#####
#.##.# #...#
###.## # #####
#...<# #.####


There were no monsters in sight!

Vanquished Creatures
  4 orcs
  A ball python (D:1)
  5 goblins
  3 hobgoblins
  5 jackals (D:1)
  2 bats (D:1)
  2 frilled lizards
  3 kobolds
  4 rats (D:1)
29 creatures vanquished.

Vanquished Creatures (others)
  A fungus (D:2)
  2 plants (D:2)
3 creatures vanquished.

Grand Total: 32 creatures vanquished

Notes
Turn   | Place    | Note
-------+----------+-------------------------------------------
     0 | D:1      | Supahsalami the Gargoyle Fighter began the quest for the Orb.
     0 | D:1      | Reached XP level 1. HP: 14/14 MP: 1/1
   105 | D:1      | Reached XP level 2. HP: 18/19 MP: 2/2
   949 | D:2      | Reached XP level 3. HP: 23/23 MP: 3/3
  1435 | D:2      | Found a shattered altar of Ashenzari.
  1439 | D:2      | Saw a vision of the Swamp and the Snake Pit.
  1439 | D:2      | Noticed an anaconda
  1439 | D:2      | Noticed a naga
  1439 | D:2      | Noticed a naga sharpshooter
  1439 | D:2      | Noticed a swamp drake
  1439 | D:2      | Noticed an anaconda
  1439 | D:2      | Noticed an alligator
  1439 | D:2      | Noticed a naga sharpshooter
  1439 | D:2      | Noticed a naga mage
  1439 | D:2      | Noticed a mana viper
  1749 | D:3      | Noticed Sigmund
  1765 | D:3      | Mangled by Sigmund

Vault maps used:
D:1:      roderic_chinese_lattice_arrival
D:2:      first_ration, grunt_ashenzari_visionary
D:3:      uniq_sigmund

Action                   || total
-------------------------++-------
Melee: Flail             ||    95
  Use: Scroll            ||     1
  Eat: Chunk             ||     2
Armor: Scale mail        ||    53
Dodge: Dodged            ||    27
Block: Shield            ||    64

Table legend:
 A = Spawn XP
 B = Non-spawn XP
 C = Spawn XP percentage of total XP
 D = Spawn monster count
 E = Non-spawn monster count
 F = Spawn count percentage of total count
 G = Total turns spent on level
                    A         B        C        D         E        F      G
               +---------+---------+-------+---------+---------+-------+---------
         Total |       0 |      51 |   0.0 |       0 |      29 |   0.0 |  1765
               +---------+---------+-------+---------+---------+-------+---------
           D:1 |       0 |      33 |   0.0 |       0 |      21 |   0.0 |   951
           D:2 |       0 |      14 |   0.0 |       0 |       6 |   0.0 |   779
           D:3 |       0 |       4 |   0.0 |       0 |       2 |   0.0 |    35
               +---------+---------+-------+---------+---------+-------+---------
